AoeStats
← jphilkill

Arena

507484482Analyzed
4v4 RM · 14d ago on Sep 18, 2026· 46m 17s· 8 players
Game mode
Random Map
Map size
Large (8 player)
Population
200
Speed
Normal
Resources
Standard
Victory
Conquest
Starting age
Dark Age
Ending age
Imperial Age
RankedLock teamsTeams togetherTeam positionsShared explorationLock speedFull tech treeHidden civsTurbo modeCheats
Victory
Defeat
🇲🇽 Italians · Mexico
926
+14
🇮🇳 Romans · India
902
+15
🇨🇳 Khmer · China
869
+16
🇷🇺 Turks · Russia
858
+16
🇮🇹 Huns · Italy
891
-16
🇨🇳 Khmer · China
887
-16
🇩🇪 Franks · Germany
857
-15
🇿🇦 Bohemians · South Africa
851
-14
casarik
11:05 Feudal Age
11:29 Horse Collar
11:36 Double-Bit Axe
13:34 Wheelbarrow
20:24 Castle Age
18:47 Stone Mining
18:49 Gold Mining
21:37 Heavy Plow
21:50 Bow Saw
22:28 Hand Cart
25:14 Gold Shaft Mining
27:06 Bloodlines
26:56 Husbandry
30:11 Imperial Age
29:11 Forging
30:03 Marauders
30:11 Caravan
32:01 Two-Man Saw
31:36 Conscription
31:46 Scale Barding Armor
32:17 Iron Casting
35:39 Blast Furnace
35:00 Chain Barding Armor
38:27 Plate Barding Armor
37:23 Light Cavalry
38:12 Thumb Ring
37:56 Elite Skirmisher
38:38 Elite Tarkan
41:08 Hussar
42:44 Fletching
42:55 Padded Archer Armor
43:54 Pikeman
44:35 Squires
LLHKHAIHDIUA
8:26 Loom
10:46 Feudal Age
11:13 Double-Bit Axe
11:12 Horse Collar
18:24 Castle Age
19:37 Bow Saw
20:13 Wheelbarrow
20:14 Heavy Plow
21:21 Gold Mining
23:00 Hand Cart
28:37 Imperial Age
26:44 Forging
26:46 Scale Barding Armor
27:46 Gold Shaft Mining
27:19 Husbandry
28:49 Iron Casting
28:28 Bloodlines
28:59 Tusk Swords
30:14 Conscription
29:56 Stone Mining
30:31 Chain Barding Armor
31:56 Plate Barding Armor
33:03 Blast Furnace
34:25 Fletching
34:37 Padded Archer Armor
34:41 Elite Skirmisher
36:06 Elite Battle Elephant
37:27 Bodkin Arrow
40:29 Elite Ballista Elephant
41:30 Bracer
41:45 Leather Archer Armor
42:58 Crop Rotation
jphilkill
0:59 Loom
10:44 Feudal Age
15:45 Castle Age
15:38 Double-Bit Axe
25:48 Wheelbarrow
25:28 Gold Mining
25:31 Stone Mining
27:35 Gold Shaft Mining
28:58 Fortified Wall
29:27 Bow Saw
31:06 Hand Cart
30:52 Elite Skirmisher
32:37 Ballistics
34:40 Scale Mail Armor
34:51 Forging
34:31 Fletching
34:42 Padded Archer Armor
37:11 Pikeman
38:07 Chain Mail Armor
38:08 Leather Archer Armor
37:59 Scale Barding Armor
47:51 Imperial Age
Fontein
12:15 Feudal Age
11:18 Loom
18:02 Castle Age
18:43 Double-Bit Axe
20:27 Chemistry
20:43 Padded Archer Armor
28:10 Pikeman
29:18 Ballistics
37:07 Imperial Age
Master
5:08 Loom
10:34 Feudal Age
11:20 Double-Bit Axe
11:18 Horse Collar
16:31 Castle Age
21:08 Gold Mining
22:11 Bow Saw
25:56 Heavy Plow
27:59 Gold Mining
31:22 Imperial Age
29:28 Wheelbarrow
28:40 Town Watch
29:38 Ballistics
29:21 Scale Mail Armor
29:31 Forging
29:32 Town Patrol
29:41 Squires
29:53 Pikeman
31:04 Hand Cart
31:19 Ballistas
31:32 Chain Mail Armor
31:52 Iron Casting
31:33 Onager
31:35 Heavy Scorpion
32:28 Siege Engineers
32:06 Halberdier
33:13 Scale Barding Armor
33:33 Comitatenses
33:36 Conscription
35:17 Blast Furnace
36:05 Man-at-Arms
37:57 Comitatenses
37:01 Long Swordsman
38:13 Legionary
39:36 Fletching
40:46 Bodkin Arrow
40:50 Murder Holes
41:07 Fortified Wall
41:59 Chemistry
42:47 Gold Shaft Mining
43:11 Crop Rotation
44:21 Capped Ram
45:27 Spies/Treason
potatoes
10:37 Feudal Age
11:26 Double-Bit Axe
11:23 Horse Collar
18:17 Castle Age
16:15 Stone Mining
19:55 Bow Saw
19:48 Heavy Plow
30:16 Imperial Age
29:18 Wheelbarrow
28:28 Town Watch
30:05 Scale Barding Armor
30:23 Ballistics
31:04 Bloodlines
30:55 Husbandry
31:23 Chain Barding Armor
31:09 Elite Ballista Elephant
32:28 Gold Mining
33:13 Stone Shaft Mining
32:51 Double Crossbow
33:46 Gold Shaft Mining
33:35 Conscription
33:37 Town Patrol
33:53 Hand Cart
33:26 Loom
33:06 Heavy Scorpion
34:52 Chemistry
34:00 Siege Engineers
34:45 Hoardings
35:06 Plate Barding Armor
35:57 Crop Rotation
37:50 Capped Ram
38:41 Siege Ram
POL POT
0:46 Loom
13:13 Feudal Age
13:49 Double-Bit Axe
13:48 Horse Collar
14:46 Wheelbarrow
17:32 Padded Archer Armor
17:23 Fletching
26:05 Castle Age
24:14 Stone Mining
24:18 Gold Mining
27:03 Bow Saw
26:55 Heavy Plow
27:13 Hand Cart
27:38 Leather Archer Armor
27:19 Bodkin Arrow
28:02 Gold Shaft Mining
30:47 Murder Holes
33:33 Imperial Age
32:19 Ballistics
32:36 Town Watch
35:32 Two-Man Saw
34:46 Fortified Wall
35:35 Ring Archer Armor
35:06 Bracer
37:32 Conscription
37:00 Elite Janissary
39:24 Town Patrol
40:02 Artillery
san_siro
10:46 Feudal Age
15:33 Castle Age
13:22 Double-Bit Axe
13:19 Horse Collar
13:54 Gold Mining
22:45 Imperial Age
20:02 Town Watch
20:13 Loom
20:53 Bow Saw
21:10 Scale Mail Armor
21:48 Heavy Plow
25:27 Chemistry
25:11 Squires
28:32 Wheelbarrow
28:34 Padded Archer Armor
29:17 Pikeman
30:45 Block Printing
31:15 Forging
31:23 Chain Mail Armor
32:13 Fervor
35:18 Sanctity
35:49 Iron Casting
39:39 Arson
41:49 Masonry
42:42 Two-Man Saw
44:44 Leather Archer Armor
45:00 Plate Mail Armor
Connection lost

Rejoining the realm…

Still unreachable

The connection could not be restored.

Session expired

The server has moved on; the page needs a fresh start.